 Dungeon Crawl Stone Soup version 0.31.0-11-ge490571c62 (webtiles) character file.

Game seed: 5966650967570793512

59276 jasper the Bludgeoner (level 14, -9/124 HPs)
             Began as an Armataur Berserker on Jan 28, 2024.
             Was a High Priest of Trog.
             Mangled by an eight-headed hydra (22 damage)
             ... on level 3 of the Lair of Beasts.
             The game lasted 00:38:19 (19717 turns).

jasper the Bludgeoner (Armataur Berserker)         Turns: 19717, Time: 00:38:20

Health: -9/124     AC: 20    Str: 28    XL:     14   Next: 52%
Magic:  14/14      EV:  6    Int:  3    God:    Trog [*****.]
Gold:   1219       SH: 26    Dex: 10    Spells: 13/13 levels left

rFire   . . .        z - +2 morningstar (venom)
rCold   + + .        a - +10 tower shield of Ignorance {rN+ Int-4}
rNeg    + . .        b - +2 chain mail {rC+}
rPois   .            H - +2 helmet
rElec   .            (no cloak)
rCorr   .            o - +2 pair of gloves
SInv    .            (no barding)
Will    ++...        v - amulet of regeneration Stlth
                     O - ring of willpower
HPRegen 1.20/turn    D - ring of protection from cold
MPRegen 0.14/turn

%: roll
@: studying Throwing
A: large, deformed body, tough skin 3, armoured tail, roll 2
a: Renounce Religion, Berserk, Trog's Hand, Brothers in Arms


You were on level 3 of the Lair of Beasts.
You worshipped Trog.
Trog was extremely pleased with you.
You visited 3 branches of the dungeon, and saw 19 of its levels.
You also visited: Ice Cave.

You collected 2104 gold pieces.
You spent 885 gold pieces at shops.

Inventory:

Hand Weapons
 d - a +5 antimagic mace
 z - a +2 morningstar of venom (weapon)
 J - a +0 morningstar
Missiles
 c - 114 stones (quivered)
 q - 11 datura-tipped darts
 r - 2 throwing nets
 x - 18 poisoned darts
 P - 4 curare-tipped darts
Armour
 a - the +10 tower shield of Ignorance (worn) {rN+ Int-4}
   (You found it on level 5 of the Lair of Beasts)

   Int-4:     It affects your intelligence (-4).
   rN+:       It protects you from negative energy.
 b - a +2 chain mail of cold resistance (worn)
 o - a +2 pair of gloves (worn)
 w - a +0 plate armour
 y - the +0 pair of gloves of Poor Excuses {Harm +Inv rC+ SInv}
   (You found it on level 5 of the Dungeon)

   rC+:       It protects you from cold.
   SInv:      It lets you see invisible.
   +Inv:      It lets you turn invisible.
   Harm:      It increases damage dealt and taken.
 H - a +2 helmet (worn)
 W - a +4 kite shield of cold resistance
Jewellery
 s - a ring of flight
 v - an amulet of regeneration (around neck)
 D - a ring of protection from cold (right hand)
 E - an amulet of reflection
 O - a ring of willpower (left hand)
 Y - an amulet of the acrobat
Wands
 i - a wand of iceblast (18)
 F - a wand of flame (58)
 L - a wand of mindburst (28)
 M - a wand of light (16)
 R - a wand of paralysis (6)
Scrolls
 g - 6 scrolls of teleportation
 l - 2 scrolls of blinking
 B - 3 scrolls of immolation
 I - 2 scrolls of poison
 U - a scroll of summoning
 V - 3 scrolls of revelation
 X - a scroll of vulnerability
 Z - 5 scrolls of identify
Potions
 e - a potion of magic
 f - 11 potions of curing
 j - 3 potions of brilliance
 m - 3 potions of enlightenment
 t - 5 potions of heal wounds
 A - 6 potions of might
 C - 4 potions of attraction
 K - 2 potions of lignification
 N - 3 potions of ambrosia
 Q - a potion of berserk rage
 T - a potion of haste


   Skills:
 + Level 11.4 Fighting
 - Level 16.0 Maces & Flails
 + Level 12.4 Armour
 - Level 1.3 Dodging
 + Level 11.5 Shields
 - Level 5.0 Evocations


You had 13 spell levels left.
You didn't know any spells.
Your spell library was empty.

Dungeon Overview and Level Annotations

Branches:
Dungeon (12/15)            Temple (0/1) D:5            Lair (5/5) D:11
 Shoals (0/4) Lair:3        Snake (0/4) Lair:3        Slime (0/5) Lair:5
    Orc (2/2) D:9             Elf (0/3) Orc:2         IceCv (visited)

Altars:
Nemelex Xobeh
Ru
Sif Muna
Yredelemnul
The Shining One
Jiyva
Lugonu

Shops:
D:8 [   Orc:2 !!?(

Portals:
Abyss: Lair:5

Annotations:
D:11 3 runed translucent doors, puppykicker's ghost, journeyman TrEn
Lair:3 1 transporter, Deed's ghost, journeyman MiFi


Innate Abilities, Weirdness & Mutations

Armour fits poorly on your strangely shaped body.
You have extremely tough skin. (AC +3)
You have a long armoured tail.
You regenerate magic and health when rolling toward enemies. (Rampage Regen)


Message History

You see here a book of Dangerous Friends.
You block the wyvern's attack.
You see here 10 gold pieces.
You now have 1219 gold pieces (gained 10).
You block the wyvern's attack.
The eight-headed hydra rages.
The eight-headed hydra attacks as it pursues you!
You block the eight-headed hydra's attack. x2
The eight-headed hydra bites you!!
The eight-headed hydra bites you but does no damage.
You block the eight-headed hydra's attack. x2
The eight-headed hydra bites you but does no damage. x3
The eight-headed hydra bites you!! The eight-headed hydra bites you!
The eight-headed hydra bites you but does no damage.
The eight-headed hydra bites you.
The eight-headed hydra bites you but does no damage.
The eight-headed hydra bites you!
The eight-headed hydra bites you but does no damage.
Deed's ghost screams, "I'll kill anyone who wants the ORB!"
Unknown command.
You block the wyvern's attack. x2
Unknown command.
The wyvern rages.
Unknown command.
The eight-headed hydra attacks as it pursues you!
You block the eight-headed hydra's attack. x2
The eight-headed hydra bites you!
You block the eight-headed hydra's attack.
The eight-headed hydra barely misses you.
You block the eight-headed hydra's attack.
The eight-headed hydra bites you! The eight-headed hydra bites you.
The eight-headed hydra bites you but does no damage.
The eight-headed hydra bites you!!
* * * LOW HITPOINT WARNING * * *
The eight-headed hydra bites you!
* * * LOW HITPOINT WARNING * * *
The eight-headed hydra bites you but does no damage.
The eight-headed hydra barely misses you.
The eight-headed hydra bites you!!
You die...

...............### #.....##
.................###......#
........####©###..#P......#
....#####..###©##........##
....#....#......##.......#
...##...#...#....#.......#
...#......#..##..#.......#
...#..##..©..#...#.......#
...#.....#..y..#@##......##
...##.##..[###kD..#.......#
....#......:W.#k.##.......##
..P.##..#####..###.......#.#
.....####.©.####...#.....###
..##.............##......#
..#####.......#..........#
...# #.#.................#
..## ##.............P#####


You could see an eight-headed hydra (berserk), a rime drake (berserk), a wyvern
(berserk) and Deed's ghost.

Vanquished Creatures
  A reaper (IceCv)
  An orc warlord (Orc:1)
  An entropy weaver (shapeshifter) (Lair:5)
  3 hydras
  A centaur warrior (Orc:2)
  3 two-headed ogres
  3 thrashing horrors (Lair:5)
  Nergalle (Orc:1)
  Sonja (Lair:2)
  A skyshark (Lair:3)
  Pikel (D:9)
  4 orc knights (Orc:2)
  2 large abominations (Lair:5)
  2 ugly things
  3 orc sorcerers
  An oklob plant (Lair:4)
  15 elephants
  2 ice statues (IceCv)
  3 kobold blastminers (Orc:2)
  A merfolk siren (Lair:3)
  A black mamba (shapeshifter) (Lair:5)
  5 black mambas
  A gargoyle (D:8)
  4 cane toads
  Maggie (Lair:2)
  An unseen horror (D:10)
  Jeremiah (D:9)
  5 komodo dragons
  A kobold demonologist (D:9)
  2 anaconda simulacra (IceCv)
  3 rime drakes
  4 trolls
  6 ice devils (IceCv)
  Grinder (D:4)
  2 merfolk (Lair:3)
  9 polar bears
  A raiju (shapeshifter) (Lair:5)
  A hornet (D:8)
  2 raiju (Lair:5)
  21 blink frogs
  Sigmund (D:4)
  5 dire elephant simulacra (IceCv)
  A spriggan (Lair:5)
  6 wyverns
  A vampire (D:11)
  A ynoxinul (Lair:5)
  27 yaks
  4 basilisks
  3 vampire mosquitoes (D:10)
  A death yak simulacrum (IceCv)
  3 wargs (Orc:2)
  2 nagas (Lair:3)
  3 chaos spawn (Lair:5)
  2 acid dragons
  14 water moccasins
  3 hydra simulacra (IceCv)
  2 ice beasts
  29 orc warriors
  A sky beast (D:7)
  4 black bears
  5 ogres
  9 wolves
  11 small abominations (Lair:5)
  12 centaurs
  A lemure (D:9)
  2 phantoms
  2 kobold brigands
  A gnoll sergeant (D:11)
  4 scorpions
  14 bullfrogs
  A two-headed ogre simulacrum (IceCv)
  A cane toad simulacrum (IceCv)
  8 wights
  12 killer bees
  4 electric eels
  3 howler monkeys (D:8)
  2 gnoll boudas
  14 orc priests
  4 hounds
  2 sleepcaps
  Ijyb (D:3)
  Terence (D:2)
  An iguana (D:5)
  8 orc wizards
  A troll simulacrum (IceCv)
  A spriggan simulacrum (IceCv)
  9 gnolls
  8 adders
  A shadow imp (D:5)
  4 ufetubi (D:7)
  3 ribbon worms
  52 orcs
  5 ball pythons
  4 endoplasms
  4 giant cockroaches
  3 goblins
  5 hobgoblins
  4 jackals (D:4)
  8 kobolds
  A quokka (D:4)
  3 bats
  2 frilled lizards (D:1)
  2 rats
478 creatures vanquished.

Notes
Turn   | Place    | Note
-------+----------+-------------------------------------------
     0 | D:1      | jasper the Armataur Berserker began the quest for the Orb.
     0 | D:1      | Reached XP level 1. HP: 18/18 MP: 1/1
   128 | D:1      | Reached skill level 3 in Maces & Flails
   215 | D:1      | Reached XP level 2. HP: 24/25 MP: 2/2
   499 | D:2      | Noticed Terence
   520 | D:2      | Killed Terence
   521 | D:2      | Reached skill level 4 in Maces & Flails
   521 | D:2      | Reached XP level 3. HP: 30/30 MP: 3/3
  1301 | D:3      | Reached XP level 4. HP: 37/37 MP: 4/4
  1557 | D:3      | Noticed Ijyb
  1568 | D:3      | Killed Ijyb
  1569 | D:3      | Reached skill level 5 in Maces & Flails
  1592 | D:3      | Reached ** piety under Trog
  1666 | D:3      | Reached XP level 5. HP: 42/42 MP: 5/5
  2179 | D:4      | Reached skill level 6 in Maces & Flails
  2269 | D:4      | Noticed a phantom
  2281 | D:4      | Killed a phantom
  2282 | D:4      | Reached XP level 6. HP: 41/50 MP: 6/6
  2319 | D:4      | Noticed Grinder
  2331 | D:4      | Killed Grinder
  2332 | D:4      | Reached skill level 7 in Maces & Flails
  2332 | D:4      | Gained mutation: You regenerate magic and health when
                  | rolling toward enemies. (Rampage Regen) [Armataur growth]
  2332 | D:4      | Reached XP level 7. HP: 41/56 MP: 7/7
  2541 | D:4      | Found the +4 skin of Zhor {*Englaciate rC+++ SInv}
  2626 | D:4      | Noticed Sigmund
  2629 | D:4      | Killed Sigmund
  2630 | D:4      | Reached skill level 8 in Maces & Flails
  3103 | D:5      | Entered Level 5 of the Dungeon
  3148 | D:5      | Reached skill level 9 in Maces & Flails
  3148 | D:5      | Reached XP level 8. HP: 45/62 MP: 8/8
  3173 | D:5      | Found a staircase to the Ecumenical Temple.
  3723 | D:5      | Identified the +0 pair of gloves of Poor Excuses {Harm +Inv
                  | rC+ SInv}
  3850 | D:5      | Reached skill level 10 in Maces & Flails
  4614 | D:6      | Found a shimmering blue altar of Sif Muna.
  4855 | D:7      | Reached XP level 9. HP: 71/71 MP: 9/9
  4894 | D:7      | Noticed a two-headed ogre
  4908 | D:7      | Killed a two-headed ogre
  4909 | D:7      | Reached skill level 11 in Maces & Flails
  4985 | D:7      | Reached *** piety under Trog
  5125 | D:7      | Found a transporter.
  5328 | D:7      | Found a transporter.
  5559 | D:7      | Reached skill level 1 in Shields
  5657 | D:8      | Found Neotor's Armour Shoppe.
  5662 | D:8      | Reached skill level 5 in Fighting
  5699 | D:8      | Bought a +0 helmet for 49 gold pieces
  5777 | D:8      | Noticed a gargoyle
  5790 | D:8      | Killed a gargoyle
  5791 | D:8      | Reached skill level 12 in Maces & Flails
  5987 | D:8      | Reached XP level 10. HP: 81/81 MP: 10/10
  6998 | D:9      | Noticed Jeremiah
  7047 | D:9      | Reached skill level 13 in Maces & Flails
  7121 | D:9      | Found a staircase to the Orcish Mines.
  7128 | D:9      | Noticed Pikel
  7143 | D:9      | Killed Pikel
  7144 | D:9      | Reached skill level 5 in Shields
  7249 | D:9      | Found a basalt altar of Yredelemnul.
  7251 | D:9      | Noticed a profane servitor
  7256 | D:9      | Found a glowing golden altar of the Shining One.
  7258 | D:9      | Noticed an angel
  7383 | D:10     | Entered Level 10 of the Dungeon
  7794 | D:10     | Reached XP level 11. HP: 73/92 MP: 11/11
  8175 | D:11     | Noticed a brown ugly thing
  8284 | D:11     | Killed a brown ugly thing
  8543 | D:11     | Reached skill level 14 in Maces & Flails
  8831 | D:11     | Found a runed translucent gate.
  8831 | D:11     | Noticed a nine-headed hydra
  8831 | D:11     | Noticed puppykicker's ghost (journeyman TrEn)
  8845 | D:11     | Found a staircase to the Lair.
  8939 | D:11     | Reached **** piety under Trog
  8950 | D:11     | Found a runed translucent gate.
  8950 | D:11     | Found a runed translucent gate.
  8953 | D:11     | Noticed an 11-headed hydra
  9303 | Lair:1   | Entered Level 1 of the Lair of Beasts
  9349 | Lair:1   | Reached skill level 5 in Armour
 10024 | Lair:1   | HP: 4/93 [poisoned by a cane toad]
 10025 | Lair:1   | HP: 1/93 [poisoned by a cane toad]
 10658 | Lair:2   | Found a frozen archway.
 10676 | IceCv    | Entered an ice cave
 10858 | IceCv    | Reached XP level 12. HP: 91/102 MP: 12/12
 11201 | IceCv    | Noticed a reaper
 11208 | IceCv    | Killed a reaper
 11514 | Lair:2   | Noticed Sonja
 12009 | Lair:2   | Noticed Maggie
 12018 | Lair:2   | Killed Maggie
 12191 | Lair:2   | Killed Sonja
 12245 | Lair:3   | Noticed a four-headed hydra
 12254 | Lair:3   | Killed a four-headed hydra
 12255 | Lair:3   | Reached skill level 15 in Maces & Flails
 12356 | Lair:2   | HP: 4/104 [elephant (5)]
 12585 | Lair:3   | Found a staircase to the Snake Pit.
 12660 | Lair:3   | Reached skill level 16 in Maces & Flails
 12736 | Lair:3   | Noticed Deed's ghost (journeyman MiFi)
 12747 | Lair:3   | Found a transporter.
 12767 | Lair:3   | Found a transporter.
 12865 | Lair:3   | Reached skill level 1 in Evocations
 12865 | Lair:3   | Reached XP level 13. HP: 90/111 MP: 13/13
 13203 | Lair:3   | Found a staircase to the Shoals.
 13637 | Lair:4   | Reached skill level 5 in Evocations
 14519 | Lair:5   | Entered Level 5 of the Lair of Beasts
 15294 | Lair:5   | Reached ***** piety under Trog
 15317 | Lair:5   | Reached skill level 10 in Armour
 15372 | Lair:5   | Reached skill level 10 in Fighting
 15524 | Lair:5   | Reached skill level 10 in Shields
 15654 | Lair:5   | Found a viscous altar of Jiyva.
 15655 | Lair:5   | Found a staircase to the Slime Pits.
 15912 | Lair:5   | Found the +10 tower shield of Ignorance {rN+ Int-4}
 15934 | Lair:5   | Reached XP level 14. HP: 120/122 MP: 14/14
 16007 | Lair:5   | Found a corrupted altar of Lugonu.
 16007 | Lair:5   | Found a one-way gate to the infinite horrors of the Abyss.
 16418 | Orc:1    | Entered Level 1 of the Orcish Mines
 16563 | Orc:2    | Entered Level 2 of the Orcish Mines
 16823 | Orc:1    | Noticed Nergalle
 16823 | Orc:1    | Noticed an orc warlord
 17021 | Orc:2    | Received a gift from Trog
 17178 | Orc:2    | Found Feusuf's Distillery.
 17178 | Orc:2    | Found Hilyagg's Magic Scroll Shop.
 17180 | Orc:2    | Found Haupen's Antique Weapon Boutique.
 17182 | Orc:2    | Found Nukhles's Distillery.
 17191 | Orc:2    | Bought a scroll of brand weapon for 123 gold pieces
 17247 | Orc:2    | Bought a potion of curing for 48 gold pieces
 17247 | Orc:2    | Bought a potion of curing for 48 gold pieces
 17247 | Orc:2    | Bought a potion of heal wounds for 80 gold pieces
 17247 | Orc:2    | Bought a potion of might for 64 gold pieces
 17247 | Orc:2    | Bought a potion of curing for 48 gold pieces
 17247 | Orc:2    | Bought a potion of ambrosia for 128 gold pieces
 17249 | Orc:2    | Bought 2 potions of curing for 66 gold pieces
 17249 | Orc:2    | Bought 2 potions of might for 88 gold pieces
 17249 | Orc:2    | Bought a potion of enlightenment for 55 gold pieces
 17249 | Orc:2    | Bought a potion of enlightenment for 55 gold pieces
 17249 | Orc:2    | Bought a potion of curing for 33 gold pieces
 17276 | Orc:2    | Found a staircase to the Elven Halls.
 17639 | Orc:1    | Killed Nergalle
 17718 | Orc:1    | Killed an orc warlord
 18779 | D:9      | You fall into a shaft and drop 3 floors!
 19044 | D:9      | Killed Jeremiah
 19204 | D:9      | Found a sacrificial altar of Ru.
 19205 | D:9      | Found a sparkling altar of Nemelex Xobeh.
 19717 | Lair:3   | Mangled by an eight-headed hydra

Illustrated notes

Levels and vault maps discovered:
D:1:      dpeg_arrival_rooms_b, layout_rooms
D:2:      layout_basic, kennysheep_nub, uniq_terence
D:3:      layout_basic, uniq_ijyb
D:4:      layout_basic, serial_bayou_pond_c, uniq_sigmund, uniq_grinder
D:5:      layout_basic, minmay_temple_entry_fiery, fountainhead, minmay_bent
D:6:      layout_basic, led_sif_pool, mrwooster_statue_mirror
D:7:      gammafunk_steamed_eel, layout_loops_ring
D:8:      layout_basic, serial_shops, nicolae_stop_n_shop_2,
          kennysheep_generic_room_2
D:9:      layout_loops_corners, minitemple, grunt_temple_overflow_holy_war,
          orc_0_dummy, uniq_pikel, uniq_jeremiah
D:10:     layout_stronghold
D:11:     layout_loops_ring, due_lair_maze_entry_diamond,
          gammafunk_ghost_hydra_chop, grunt_ministairs_14
D:12:     layout_roguey, minmay_st_funbox, nicolae_diode_intersection
Lair:1:   layout_roguey, chequers_serial_rivers_room_a,
          cheibrodos_lair_lostbears
Lair:2:   layout_roguey, portal_ice_cave_entry_pillars_2, serial_bayou_shore_a,
          uniq_maggie, uniq_sonja
Lair:3:   layout_cellular_growth, elwin_shoals_entry_rooms,
          guppyfry_snake_entry_garden, gammafunk_ghost_berserking_beasts,
          minivault_23, nicolae_quartered_pool_medium
Lair:4:   layout_small_grid, infiniplex_staircase_pool
Lair:5:   hellmonk_lair_end_abyssal_woods, layout_cave_shapes, slime_entry_1
Orc:1:    minmay_goldmine, layout_caves, uniq_nergalle
Orc:2:    st_orc_rangers, layout_caves, special_room, nicolae_orc_lava_room

Skill      XL: |  1  2  3  4  5  6  7  8  9 10 11 12 13 14 |
---------------+-------------------------------------------+-----
Maces & Flails | 3 4 5 6 7 9 10 12 13 14 16 | 16.0
Fighting       | 3 5 7 8 9 10 11 | 11.4
Shields        | 3 5 6 8 10 11 | 11.5
Armour         | 7 8 11 12 | 12.4
Evocations     | 1 5 |  5.0
Dodging        | |  1.3

Action                     |  1- 3 |  4- 6 |  7- 9 | 10-12 | 13-15 || total
---------------------------+-------+-------+-------+-------+-------++-------
  Melee: Mace              |    61 |    85 |   146 |       |       ||   292
         Tailslap          |     4 |     9 |    43 |   144 |   154 ||   354
         Punch             |     1 |       |     4 |       |       ||     5
         Morningstar       |       |       |   111 |   928 |   935 ||  1974
  Throw: Stone             |     6 |     2 |     1 |       |     1 ||    10
 Invoke: Berserk           |     1 |     4 |     5 |    11 |     2 ||    23
         Trog's Hand       |       |       |       |     5 |     4 ||     9
         Brothers in Arms  |       |       |       |     1 |       ||     1
  Evoke: Wand              |       |       |     7 |     4 |     2 ||    13
    Use: Scroll            |     5 |     4 |     6 |    17 |     6 ||    38
         Potion            |       |       |       |     1 |     3 ||     4
   Stab: Paralysed         |       |       |       |     2 |       ||     2
 Armour: Animal skin       |    27 |       |   165 |   285 |       ||   477
         Scale mail        |    15 |    34 |       |       |       ||    49
         Chain mail        |       |    48 |    14 |       |   142 ||   204
         Plate armour      |       |       |       |   489 |   421 ||   910
  Dodge: Dodged            |    19 |    26 |    85 |   212 |   110 ||   452
  Block: Buckler           |       |       |     8 |    70 |       ||    78
         Kite shield       |       |       |       |   307 |   422 ||   729
         Tower shield      |       |       |       |       |   680 ||   680
